 Dungeon Crawl Stone Soup version 0.29-a0-690-g32ab5fea29 (webtiles) character file.

Game seed: 11157153095338965826

286 KristoblXynda the Skirmisher (level 6, -1/56 HPs)
             Began as a Draconian Monk on June 25, 2022.
             Killed from afar by Ijyb (14 damage)
             ... with a bolt of acid
             ... on level 3 of the Dungeon.
             The game lasted 00:02:06 (2501 turns).

KristoblXynda the Skirmisher (Draconian Monk)       Turns: 2501, Time: 00:02:06

Health: -1/56      AC: -2    Str: 13    XL:     6   Next: 8%
Magic:  6/6        EV: 14    Int: 11    God:
Gold:   138        SH:  0    Dex: 21    Spells: 5/5 levels left

rFire   . . .      SeeInvis .   b - +0 dagger (venom)
rCold   . . .      Faith    .   (no shield)
rNeg    . . .      Spirit   .   (body armour unavailable)
rPois   +          Reflect  .   (helmet restricted)
rElec   .          Harm     .   (no cloak)
rCorr   .          Rampage  .   (no gloves)
Will    .....      Rage     1%  (no boots)
Stlth   ++........              (no amulet)
HPRegen 0.18/turn               k - +6 ring of dexterity
MPRegen 0.10/turn               (no ring)

@: lethally poisoned (-1 -> -12), corroded
A: AC +6, unfitting armour, cold-blooded, horns 1, berserk 1, poison resistance
a: no special abilities


You were on level 3 of the Dungeon.
You visited 1 branch of the dungeon, and saw 3 of its levels.

You collected 138 gold pieces.

Inventory:

Hand Weapons
 b - a +0 dagger of venom (weapon)
Jewellery
 g - a ring of fire
 k - a +6 ring of dexterity (left hand)
Scrolls
 f - 2 scrolls of fog {unknown}
 h - a scroll of magic mapping
 i - a scroll of amnesia {unknown}
Potions
 c - a potion of heal wounds {unknown}
 d - a potion of cancellation {unknown}
 e - a potion of curing {unknown}
 j - a potion of haste {unknown}
 l - a potion of degeneration {unknown}


   Skills:
 + Level 5.1 Fighting
 + Level 4.1 Dodging
 - Level 1.7 Stealth
 + Level 4.6 Unarmed Combat


You had 5 spell levels left.
You didn't know any spells.
Your spell library contained the following spells:

 Spells                   Type           Power      Damage    Failure   Level
 Summon Small Mammal      Summ           0%         N/A       34%         1
 Call Canine Familiar     Summ           0%         N/A       71%         3
 Summon Guardian Golem    Hex/Summ       0%         N/A       71%         3


Dungeon Overview and Level Annotations

Branches:
Dungeon (3/15)

Altars:

Annotations:
D:3 Ijyb


Innate Abilities, Weirdness & Mutations

Your plain brown scales are hard. (AC +6)
You cannot fit into any form of body armour.
You are cold-blooded and may be slowed by cold attacks.
You have a pair of small horns on your head.
You tend to lose your temper in combat.
Your system is resistant to poisons. (rPois)


Message History

A frilled lizard comes into view.
A frilled lizard is nearby!
Ijyb the Twisted Goblin comes into view.
She is wielding a +1 dagger of venom and carrying a wand of acid (4).
You hit the frilled lizard.
You kill the frilled lizard!
Ijyb shouts!
A bat comes into view.
Ijyb drinks a potion.
Ijyb flickers and vanishes!
Deactivating autopickup; reactivate with Ctrl-A.
You closely miss something.
You hear a zap.
A bolt of acid appears from out of thin air!
The bolt of acid hits you! The acid corrodes you!
No target in view!
No target in view!
No target in view!
No target in view!
No target in view!
There is a strange disturbance nearby!
There is a strange disturbance nearby!
Unknown command.
You hit something but do no damage.
Your tail-slap misses something.
Something hits you.
You are poisoned.
You hit something but do no damage.
You feel very sick.
You hear a zap.
A bolt of acid appears from out of thin air!
The bolt of acid hits you!
* * * LOW HITPOINT WARNING * * *
The acid corrodes you!
It was a potion of mutation.
You feel extremely strange.
You feel a little pissed off.
You feel resistant to poisons. A pair of horns grows on your head!
* * * LOW HITPOINT WARNING * * *
You feel very sick.
You hear a zap.
A bolt of acid appears from out of thin air!
The bolt of acid hits you!
You die...

#.####.# .#
#(####.## .#
#.......# .#
######..##.###.#
#.........#
#.##..#####
...##.##
######.# #@# #{#
#.# ... #.. ....
♣... P≈.♣.


There were no monsters in sight!

Vanquished Creatures
  A phantom (D:3)
  A hound (D:3)
  Natasha (D:2)
  Robin (D:2)
  5 adders
  4 gnolls (D:2)
  A worm (D:3)
  2 ball pythons
  3 bats
  4 endoplasms
  4 giant cockroaches
  10 goblins
  11 hobgoblins
  5 kobolds
  2 quokkas (D:2)
  5 frilled lizards
  4 rats
64 creatures vanquished.

Notes
Turn   | Place    | Note
-------+----------+-------------------------------------------
     0 | D:1      | KristoblXynda the Draconian Monk began the quest for the
                  | Orb.
     0 | D:1      | Reached XP level 1. HP: 19/19 MP: 1/1
   400 | D:1      | Reached XP level 2. HP: 23/26 MP: 2/2
   537 | D:1      | Found a faded altar of an unknown god.
   953 | D:2      | Reached XP level 3. HP: 24/33 MP: 3/3
  1195 | D:2      | Noticed Robin
  1197 | D:2      | Noticed Natasha
  1226 | D:2      | Reached skill level 4 in Fighting
  1230 | D:2      | Killed Robin
  1258 | D:2      | Reached XP level 4. HP: 31/40 MP: 4/4
  1448 | D:2      | Killed Natasha
  1582 | D:2      | Reached XP level 5. HP: 18/47 MP: 5/5
  2293 | D:3      | Noticed a phantom
  2315 | D:3      | Killed a phantom
  2316 | D:3      | Reached skill level 5 in Fighting
  2316 | D:3      | Reached XP level 6. HP: 29/56 MP: 6/6
  2492 | D:3      | Noticed Ijyb
  2501 | D:3      | Gained mutation: You tend to lose your temper in combat.
                  | [potion of mutation]
  2501 | D:3      | Gained mutation: Your system is resistant to poisons.
                  | (rPois) [potion of mutation]
  2501 | D:3      | Gained mutation: You have a pair of small horns on your
                  | head. [potion of mutation]
  2501 | D:3      | Killed from afar by Ijyb

Illustrated notes

Levels and vault maps discovered:
D:1:      minmay_arrival_arboretum_small, layout_basic,
          shapermc_ecumenical_altar_totnotflames, chequers_serial_rivers_room_a,
          minmay_tripent
D:2:      layout_rooms, patterned_corridor, uniq_natasha, uniq_robin
D:3:      kennysheep_six_static_rooms, layout_loops_ring,
          nicolae_overflow_crystal_walls, serial_shops, nicolae_shop_crystal,
          serial_bayou_pond_b, minmay_misc_feat_tiny, grunt_ministairs_6,
          uniq_ijyb

Skill      XL: |  1  2  3  4  5 |
---------------+----------------+-----
Dodging        | 3 4 |  4.1
Fighting       | 4 5 |  5.1
Unarmed Combat | 4 |  4.6
Stealth        | |  1.7

Action                   |  1- 3 |  4- 6 || total
-------------------------+-------+-------++-------
Melee: Unarmed           |    11 |       ||    11
       Dagger            |    83 |    96 ||   179
       Tailslap          |    13 |     9 ||    22
       Punch             |     5 |     1 ||     6
  Use: Potion            |     1 |     1 ||     2
       Scroll            |     1 |       ||     1
 Stab: Sleeping          |     2 |    10 ||    12
Armor: Skin              |    38 |    24 ||    62
Dodge: Dodged            |    66 |    44 ||   110

Table legend: (Time is in decaauts)
 A = Elapsed time spent in this place.
 B = Non-inter-level travel time spent in this place.
 C = Inter-level travel time spent in this place.
 D = Time resting spent in this place.
 E = Time spent auto-exploring this place.
 F = Levels seen in this place.
 G = Mean time per level.
                   A        B        C        D        E       F      G
               +--------+--------+--------+--------+--------+-----+--------+
         Total |   2499 |   2473 |     26 |    447 |   1597 |   3 |  833.0 |
       Dungeon |   2499 |   2473 |     26 |    447 |   1597 |   3 |  833.0 |
               +--------+--------+--------+--------+--------+-----+--------+

Top non-repeatable levels by time:
     D:2: 1119 daAuts
     D:1: 885 daAuts
     D:3: 494 daAuts
